[ AOE2 MATCH · #475500224 ]
UnrankedKhitans vs Persians
Player's team · LOSS
[ REPLAY ANALYSIS · EXTRACTED FROM THE RECORDED GAME ]
Feudal
10:47
Castle
14:50
Imperial
37:20
| APM avg | 47.4 |
| APM peak | 101 |
| eAPM avg | 16.2 |
| Villagers / military | 143 / 960 |
Focus
⚔️ 51.8% · 🌾 48.2%
Scout Cavalry ×670 · Camel Scout ×184 · Cavalry Archer ×75 · Trade Cart ×26 · Trebuchet (Packed) ×13 · Scorpion ×8
Feudal
10:49
Castle
14:06
Imperial
30:28
| APM avg | 38.2 |
| APM peak | 83 |
| eAPM avg | 21.3 |
| Villagers / military | 196 / 987 |
Focus
⚔️ 41.6% · 🌾 58.4%
Scout Cavalry ×586 · Knight ×395 · Trade Cart ×78 · Monk ×4 · Battering Ram ×1 · Trebuchet (Packed) ×1
Feudal
8:26
Castle
21:40
Imperial
37:52
| APM avg | 47.9 |
| APM peak | 89 |
| eAPM avg | 28.5 |
| Villagers / military | 323 / 1117 |
Focus
⚔️ 45.2% · 🌾 54.8%
Militia ×466 · Spearman ×435 · Archer ×108 · Bombard Cannon ×72 · Trade Cart ×42 · Hand Cannoneer ×17
Feudal
9:44
Castle
23:02
Imperial
44:26
| APM avg | 40.7 |
| APM peak | 87 |
| eAPM avg | 19.2 |
| Villagers / military | 244 / 691 |
Focus
⚔️ 42.9% · 🌾 57.1%
Spearman ×214 · Fire Lancer ×193 · Archer ×146 · Hand Cannoneer ×111 · Trade Cart ×66 · Bombard Cannon ×15
Feudal
8:04
Castle
31:25
Imperial
67:15
| APM avg | 56.4 |
| APM peak | 175 |
| eAPM avg | 28.7 |
| Villagers / military | 248 / 481 |
Focus
⚔️ 45.3% · 🌾 54.7%
Militia ×201 · Spearman ×87 · Skirmisher ×86 · Trade Cart ×86 · Archer ×83 · Bombard Cannon ×24
Feudal
9:02
Castle
24:50
Imperial
55:55
| APM avg | 27.8 |
| APM peak | 75 |
| eAPM avg | 16.6 |
| Villagers / military | 215 / 756 |
Focus
⚔️ 28.3% · 🌾 71.7%
Militia ×385 · Spearman ×349 · Trade Cart ×35 · Bombard Cannon ×11 · Knight ×10 · Monk ×1
Feudal
8:57
Castle
20:05
Imperial
33:04
| APM avg | 44.7 |
| APM peak | 118 |
| eAPM avg | 27.3 |
| Villagers / military | 292 / 958 |
Focus
⚔️ 45.7% · 🌾 54.3%
Spearman ×243 · Cavalry Archer ×201 · Scout Cavalry ×192 · Knight ×149 · Skirmisher ×148 · Trade Cart ×111
Feudal
10:06
Castle
19:03
Imperial
37:18
| APM avg | 43.0 |
| APM peak | 91 |
| eAPM avg | 27.4 |
| Villagers / military | 400 / 646 |
Focus
⚔️ 40.5% · 🌾 59.5%
Knight ×236 · Cavalry Archer ×224 · Scout Cavalry ×145 · Trade Cart ×73 · Tarkan ×17 · Skirmisher ×9
Match map
Initial resources + every placement click. Lines = walls · curves = elevation contours. ◆ gold · ⬟ stone · ● berries · ✦ relic · ◌ wall gap
Inputs per minute
— EZLIVING:D - - 鼠條
Build order — EZLIVING:D
First 150 of 515 actions detected
| 0:01 | Create | Villager (Male) |
| 0:02 | Create | Villager (Male) |
| 0:03 | Build | House |
| 0:04 | Build | House |
| 0:05 | Build | House |
| 0:05 | Create | Villager (Male) |
| 0:06 | Create | Villager (Male) |
| 1:39 | Create | Villager (Male) |
| 1:40 | Create | Villager (Male) |
| 1:50 | Build | Lumber Camp |
| 1:58 | Create | Villager (Male) |
| 2:30 | Create | Villager (Male) |
| 2:53 | Create | Villager (Male) |
| 2:53 | Create | Villager (Male) |
| 3:10 | Create | Villager (Male) |
| 3:42 | Create | Villager (Male) |
| 4:05 | Create | Villager (Male) |
| 4:32 | Create | Villager (Male) |
| 4:32 | Create | Villager (Male) |
| 4:54 | Build | Mill |
| 5:06 | Create | Villager (Male) |
| 5:11 | Build | House |
| 5:12 | Build | House |
| 5:39 | Create | Villager (Male) |
| 5:59 | Create | Villager (Male) |
| 6:20 | Create | Villager (Male) |
| 6:57 | Create | Villager (Male) |
| 6:57 | Create | Villager (Male) |
| 6:57 | Create | Villager (Male) |
| 6:58 | Create | Villager (Male) |
| 8:15 | Build | Mining Camp |
| 8:37 | Research | Feudal Age |
| 8:37 | Research | Feudal Age |
| 8:47 | Create | Villager (Male) |
| 9:02 | Build | Pasture |
| 9:23 | Create | Villager (Male) |
| 9:40 | Build | Pasture |
| 10:10 | Create | Villager (Male) |
| 10:25 | Create | Villager (Male) |
| 10:47 | Age | Feudal Age |
| 11:09 | Create | Villager (Male) |
| 11:11 | Build | Market |
| 11:16 | Build | Blacksmith |
| 11:41 | Build | House |
| 12:11 | Research | Castle Age |
| 12:11 | Research | Castle Age |
| 12:41 | Research | Double-Bit Axe |
| 13:02 | Research | Tech 1014 |
| 13:16 | Build | Barracks |
| 13:44 | Build | Pasture |
| 13:59 | Research | Scale Barding Armor |
| 14:12 | Build | Stable |
| 14:31 | Build | Pasture |
| 14:34 | Create | Villager (Male) |
| 14:50 | Age | Castle Age |
| 15:03 | Research | Light Cavalry (upgrade) |
| 15:15 | Build | Stable |
| 15:18 | Create | Villager (Male) |
| 15:44 | Research | Forging |
| 15:54 | Build | Pasture |
| 15:58 | Create | Villager (Male) |
| 16:13 | Build | Pasture |
| 16:18 | Create | Scout Cavalry |
| 16:18 | Create | Scout Cavalry |
| 16:41 | Build | Pasture |
| 16:43 | Create | Villager (Male) |
| 16:48 | Create | Scout Cavalry |
| 17:05 | Create | Villager (Male) |
| 17:14 | Build | House |
| 17:20 | Create | Scout Cavalry |
| 17:25 | Build | House |
| 17:26 | Build | House |
| 17:30 | Create | Scout Cavalry |
| 17:41 | Build | Pasture |
| 17:43 | Create | Villager (Male) |
| 18:03 | Create | Scout Cavalry |
| 18:04 | Create | Villager (Male) |
| 18:14 | Build | House |
| 18:15 | Build | House |
| 18:16 | Create | Scout Cavalry |
| 18:32 | Create | Scout Cavalry |
| 18:39 | Create | Villager (Male) |
| 18:47 | Create | Villager (Male) |
| 19:07 | Create | Scout Cavalry |
| 19:24 | Create | Scout Cavalry |
| 19:26 | Create | Villager (Male) |
| 19:38 | Build | House |
| 19:39 | Create | Villager (Male) ×2 |
| 20:02 | Build | Town Center |
| 20:18 | Create | Scout Cavalry ×3 |
| 20:18 | Create | Scout Cavalry ×3 |
| 20:32 | Create | Scout Cavalry |
| 20:32 | Create | Scout Cavalry |
| 20:35 | Build | House |
| 20:58 | Create | Scout Cavalry |
| 20:58 | Create | Scout Cavalry |
| 21:01 | Create | Villager (Male) ×3 |
| 21:01 | Create | Villager (Male) |
| 21:20 | Create | Scout Cavalry |
| 21:26 | Build | Pasture |
| 21:30 | Create | Villager (Male) |
| 21:40 | Create | Scout Cavalry |
| 21:57 | Build | Pasture |
| 21:59 | Create | Villager (Male) |
| 22:00 | Create | Villager (Male) |
| 22:27 | Create | Camel Scout ×3 |
| 22:39 | Create | Camel Scout ×2 |
| 22:54 | Create | Villager (Male) ×2 |
| 23:12 | Create | Villager (Male) ×2 |
| 23:26 | Create | Camel Scout ×2 |
| 23:31 | Create | Villager (Male) |
| 23:42 | Build | Town Center |
| 24:05 | Research | Chain Barding Armor |
| 24:25 | Create | Camel Scout ×2 |
| 24:26 | Create | Villager (Male) |
| 24:30 | Build | Pasture |
| 24:31 | Build | Pasture |
| 24:51 | Create | Villager (Male) ×3 |
| 25:00 | Build | Pasture |
| 25:01 | Build | Pasture |
| 25:15 | Create | Camel Scout ×3 |
| 25:33 | Create | Camel Scout |
| 25:34 | Create | Villager (Male) ×2 |
| 25:35 | Create | Villager (Male) ×2 |
| 25:48 | Create | Camel Scout |
| 25:58 | Create | Villager (Male) ×3 |
| 26:26 | Research | Iron Casting |
| 26:31 | Create | Camel Scout ×2 |
| 26:44 | Create | Villager (Male) ×2 |
| 26:50 | Build | Pasture |
| 26:51 | Build | Pasture |
| 27:05 | Build | House |
| 27:07 | Build | House |
| 27:08 | Build | House |
| 27:10 | Build | House |
| 27:11 | Build | House |
| 27:29 | Create | Camel Scout ×3 |
| 27:30 | Create | Villager (Male) ×5 |
| 27:34 | Research | Husbandry |
| 27:48 | Create | Camel Scout ×2 |
| 27:50 | Create | Villager (Male) |
| 28:03 | Create | Villager (Male) ×3 |
| 28:28 | Create | Scout Cavalry ×3 |
| 28:31 | Create | Villager (Male) |
| 28:31 | Create | Villager (Male) |
| 28:57 | Create | Camel Scout ×4 |
| 28:58 | Create | Villager (Male) ×2 |
| 29:03 | Build | Stable |
| 29:05 | Build | Stable |
| 29:29 | Create | Camel Scout |
Build order — 鼠條
First 150 of 830 actions detected
| 0:01 | Create | Villager (Male) ×5 |
| 0:02 | Build | House |
| 0:03 | Build | House |
| 1:22 | Create | Villager (Male) |
| 1:40 | Build | Lumber Camp |
| 2:01 | Create | Villager (Male) |
| 2:13 | Create | Villager (Male) |
| 2:13 | Create | Villager (Male) |
| 3:03 | Create | Villager (Male) |
| 3:03 | Create | Villager (Male) |
| 3:38 | Build | House |
| 3:54 | Create | Villager (Male) |
| 3:54 | Create | Villager (Male) |
| 4:09 | Create | Villager (Male) |
| 4:10 | Create | Villager (Male) |
| 4:26 | Build | Mill |
| 4:57 | Create | Villager (Male) |
| 5:04 | Create | Villager (Male) |
| 5:33 | Create | Villager (Male) |
| 5:33 | Create | Villager (Male) |
| 5:49 | Build | House |
| 6:11 | Create | Villager (Male) |
| 7:03 | Create | Villager (Male) |
| 7:03 | Create | Villager (Male) |
| 7:06 | Create | Villager (Male) |
| 7:18 | Create | Villager (Male) |
| 7:25 | Build | House |
| 8:38 | Build | Mining Camp |
| 8:39 | Research | Feudal Age |
| 8:41 | Create | Villager (Male) |
| 8:41 | Create | Villager (Male) |
| 8:54 | Build | Farm |
| 8:57 | Build | Farm |
| 10:49 | Age | Feudal Age |
| 10:50 | Build | Market |
| 10:51 | Build | Blacksmith |
| 11:23 | Build | Lumber Camp |
| 11:41 | Research | Castle Age |
| 11:41 | Research | Castle Age |
| 12:11 | Research | Horse Collar |
| 12:28 | Build | Barracks |
| 12:32 | Build | Farm |
| 12:34 | Build | Farm |
| 12:40 | Build | Farm |
| 12:48 | Build | House |
| 12:48 | Build | House |
| 12:49 | Build | House |
| 12:50 | Build | House |
| 13:00 | Create | Villager (Male) |
| 13:07 | Build | Farm |
| 13:17 | Create | Villager (Male) |
| 13:20 | Build | Farm |
| 13:21 | Build | Farm |
| 13:30 | Build | Farm |
| 13:43 | Research | Double-Bit Axe |
| 13:43 | Research | Double-Bit Axe |
| 14:06 | Age | Castle Age |
| 14:18 | Build | Stable |
| 14:40 | Create | Villager (Male) |
| 14:49 | Build | House |
| 14:58 | Create | Villager (Male) |
| 15:02 | Build | House |
| 15:03 | Build | House |
| 15:13 | Create | Scout Cavalry |
| 15:15 | Research | Bloodlines |
| 15:28 | Create | Villager (Male) |
| 15:32 | Build | Town Center |
| 15:34 | Create | Knight |
| 15:46 | Create | Villager (Male) |
| 15:47 | Build | House |
| 15:48 | Build | House |
| 15:53 | Build | Farm |
| 16:00 | Create | Villager (Male) |
| 16:04 | Build | Farm |
| 16:09 | Create | Knight |
| 16:22 | Create | Villager (Male) |
| 16:24 | Build | Farm |
| 16:28 | Build | House |
| 16:44 | Create | Villager (Male) |
| 16:46 | Build | House |
| 16:50 | Build | Farm |
| 17:04 | Build | Farm |
| 17:06 | Create | Villager (Male) |
| 17:10 | Create | Villager (Male) |
| 17:14 | Build | Farm |
| 17:24 | Create | Villager (Male) |
| 17:35 | Create | Villager (Male) |
| 17:37 | Build | Farm |
| 17:40 | Build | Farm |
| 17:47 | Create | Villager (Male) |
| 17:50 | Build | House |
| 18:02 | Create | Villager (Male) |
| 18:04 | Build | Farm |
| 18:09 | Create | Villager (Male) |
| 18:12 | Build | Farm |
| 18:19 | Create | Villager (Male) |
| 18:21 | Build | Farm |
| 18:23 | Build | House |
| 18:33 | Create | Villager (Male) |
| 18:39 | Create | Villager (Male) |
| 18:43 | Build | House |
| 18:52 | Create | Villager (Male) |
| 18:55 | Build | Farm |
| 18:57 | Build | Farm |
| 19:03 | Create | Villager (Male) |
| 19:08 | Create | Knight |
| 19:14 | Create | Villager (Male) |
| 19:18 | Build | Farm |
| 19:19 | Build | Farm |
| 19:24 | Create | Villager (Male) |
| 19:31 | Build | House |
| 19:33 | Create | Villager (Male) |
| 19:36 | Build | Farm |
| 19:45 | Build | Farm |
| 19:46 | Create | Villager (Male) |
| 19:48 | Create | Knight |
| 19:56 | Create | Villager (Male) |
| 20:06 | Create | Villager (Male) |
| 20:07 | Build | Farm |
| 20:08 | Build | Farm |
| 20:15 | Create | Villager (Male) |
| 20:17 | Build | House |
| 20:18 | Build | House |
| 20:19 | Build | House |
| 20:21 | Create | Knight |
| 20:27 | Create | Villager (Male) |
| 20:34 | Create | Villager (Male) |
| 20:38 | Build | Mill |
| 20:41 | Build | Farm |
| 20:42 | Build | Farm |
| 20:46 | Build | Farm |
| 20:49 | Create | Villager (Male) |
| 20:55 | Create | Knight |
| 21:02 | Create | Villager (Male) |
| 21:06 | Create | Villager (Male) |
| 21:07 | Build | House |
| 21:21 | Create | Villager (Male) |
| 21:35 | Research | Bow Saw |
| 21:37 | Create | Villager (Male) |
| 21:44 | Build | Town Center |
| 21:49 | Create | Villager (Male) |
| 21:50 | Build | House |
| 21:55 | Build | Farm |
| 22:02 | Create | Knight |
| 22:04 | Create | Villager (Male) |
| 22:05 | Create | Villager (Male) |
| 22:14 | Create | Villager (Male) |
| 22:18 | Research | Loom |
| 22:26 | Create | Villager (Male) |
| 22:34 | Create | Villager (Male) |
Build order — caterpie
First 150 of 1182 actions detected
| 0:01 | Create | Villager (Male) ×4 |
| 0:01 | Create | Villager (Male) ×4 |
| 0:02 | Build | House |
| 0:04 | Build | House |
| 1:12 | Create | Villager (Male) |
| 1:55 | Create | Villager (Male) |
| 1:56 | Create | Villager (Male) |
| 2:15 | Build | Lumber Camp |
| 2:27 | Create | Villager (Male) |
| 2:27 | Create | Villager (Male) |
| 3:09 | Create | Villager (Male) |
| 3:09 | Create | Villager (Male) |
| 3:36 | Create | Villager (Male) |
| 3:36 | Create | Villager (Male) |
| 3:39 | Create | Villager (Male) |
| 3:53 | Build | House |
| 3:57 | Create | Villager (Male) |
| 3:57 | Create | Villager (Male) |
| 4:13 | Create | Villager (Male) |
| 4:41 | Build | Mining Camp |
| 5:39 | Research | Loom |
| 6:12 | Research | Feudal Age |
| 6:34 | Create | Villager (Male) |
| 6:55 | Create | Villager (Male) |
| 6:58 | Build | House |
| 7:16 | Build | Palisade Wall |
| 7:58 | Build | House |
| 8:04 | Build | House |
| 8:08 | Build | Palisade Wall |
| 8:15 | Create | Villager (Male) |
| 8:26 | Age | Feudal Age |
| 8:30 | Build | Watch Tower |
| 8:41 | Build | Blacksmith |
| 8:49 | Research | Double-Bit Axe |
| 8:52 | Create | Villager (Male) |
| 9:21 | Build | Watch Tower |
| 9:34 | Build | House |
| 9:40 | Create | Villager (Male) |
| 9:44 | Build | House |
| 9:52 | Build | House |
| 10:11 | Create | Villager (Male) |
| 10:29 | Build | Watch Tower |
| 10:42 | Create | Villager (Male) |
| 10:45 | Build | Mill |
| 11:01 | Build | Stone Wall |
| 11:03 | Build | Stone Wall |
| 11:06 | Create | Villager (Male) |
| 11:06 | Create | Villager (Male) |
| 11:29 | Create | Villager (Male) |
| 11:30 | Create | Villager (Male) |
| 11:42 | Build | Farm |
| 11:42 | Build | Farm |
| 11:43 | Create | Villager (Male) |
| 11:45 | Build | Farm |
| 11:45 | Build | Farm |
| 11:46 | Build | Farm |
| 12:16 | Create | Villager (Male) |
| 12:30 | Create | Villager (Male) |
| 12:30 | Create | Villager (Male) |
| 12:39 | Build | Outpost |
| 12:52 | Create | Villager (Male) |
| 13:03 | Create | Villager (Male) |
| 13:03 | Create | Villager (Male) |
| 13:07 | Build | Mining Camp |
| 13:21 | Research | Wheelbarrow |
| 13:31 | Build | Outpost |
| 13:43 | Create | Villager (Male) |
| 13:50 | Create | Villager (Male) |
| 14:17 | Build | Watch Tower |
| 14:30 | Create | Villager (Male) |
| 14:39 | Create | Villager (Male) |
| 14:50 | Build | Market |
| 14:51 | Create | Villager (Male) |
| 15:13 | Build | Palisade Wall |
| 15:15 | Build | Palisade Wall |
| 15:22 | Build | House |
| 15:32 | Create | Villager (Male) |
| 15:55 | Create | Villager (Male) |
| 16:15 | Research | Horse Collar |
| 16:27 | Build | House |
| 16:28 | Build | House |
| 16:47 | Create | Villager (Male) |
| 17:04 | Build | Farm |
| 17:18 | Build | Farm |
| 17:19 | Build | Farm |
| 17:54 | Create | Villager (Male) |
| 18:08 | Build | Farm |
| 18:13 | Create | Villager (Male) |
| 19:00 | Research | Castle Age |
| 19:00 | Research | Castle Age |
| 19:35 | Create | Villager (Male) |
| 19:36 | Create | Villager (Male) |
| 19:41 | Create | Villager (Male) |
| 19:42 | Create | Villager (Male) |
| 20:09 | Create | Villager (Male) |
| 20:12 | Create | Villager (Male) |
| 20:16 | Create | Villager (Male) |
| 21:34 | Create | Villager (Male) |
| 21:40 | Age | Castle Age |
| 21:51 | Build | House |
| 22:01 | Research | Fletching |
| 22:03 | Create | Villager (Male) |
| 22:07 | Build | Town Center |
| 22:11 | Build | Town Center |
| 22:14 | Build | Town Center |
| 22:15 | Research | Bow Saw |
| 22:20 | Research | Heavy Plow |
| 22:21 | Create | Villager (Male) |
| 22:21 | Create | Villager (Male) |
| 22:41 | Create | Villager (Male) |
| 22:47 | Build | Stone Wall |
| 22:48 | Build | Stone Wall |
| 22:50 | Build | Stone Wall |
| 22:53 | Build | Stone Wall |
| 22:54 | Build | Stone Wall |
| 22:56 | Build | Stone Wall |
| 23:12 | Research | Bodkin Arrow |
| 23:13 | Create | Villager (Male) |
| 23:24 | Create | Villager (Male) |
| 23:36 | Create | Villager (Male) |
| 23:49 | Build | Monastery |
| 23:57 | Create | Villager (Male) |
| 23:57 | Create | Villager (Male) |
| 24:01 | Build | Farm |
| 24:02 | Build | Farm |
| 24:02 | Build | Farm |
| 24:03 | Build | Farm |
| 24:03 | Build | Farm |
| 24:03 | Build | Farm |
| 24:04 | Build | Farm |
| 24:23 | Build | Farm |
| 24:24 | Build | Farm |
| 24:25 | Build | Farm |
| 24:27 | Create | Villager (Male) |
| 24:31 | Create | Villager (Male) |
| 24:51 | Create | Villager (Male) |
| 24:52 | Create | Villager (Male) |
| 25:00 | Create | Monk |
| 25:00 | Create | Monk |
| 25:01 | Create | Villager (Male) |
| 25:01 | Create | Villager (Male) |
| 25:06 | Build | House |
| 25:09 | Create | Villager (Male) |
| 25:16 | Create | Villager (Male) |
| 25:18 | Build | Farm |
| 25:19 | Build | Farm |
| 25:19 | Build | Farm |
| 25:19 | Build | Farm |
| 25:20 | Build | Farm |
| 25:20 | Build | Farm |
Build order — DGHIR | Miloss
First 150 of 732 actions detected
| 0:01 | Create | Villager (Male) ×4 |
| 0:02 | Build | House |
| 0:04 | Build | House |
| 1:24 | Create | Villager (Male) |
| 1:25 | Create | Villager (Male) |
| 1:54 | Build | Lumber Camp |
| 2:05 | Create | Villager (Male) |
| 2:24 | Create | Villager (Male) |
| 2:24 | Create | Villager (Male) |
| 2:24 | Create | Villager (Male) |
| 2:43 | Create | Villager (Male) |
| 2:43 | Create | Villager (Male) |
| 2:43 | Create | Villager (Male) |
| 3:05 | Build | House |
| 3:06 | Build | House |
| 3:17 | Create | Villager (Male) |
| 3:17 | Create | Villager (Male) |
| 3:41 | Create | Villager (Male) |
| 3:41 | Create | Villager (Male) |
| 3:41 | Create | Villager (Male) |
| 3:53 | Build | House |
| 4:39 | Create | Villager (Male) |
| 4:39 | Create | Villager (Male) |
| 4:40 | Create | Villager (Male) |
| 5:24 | Create | Villager (Male) |
| 5:24 | Create | Villager (Male) |
| 5:25 | Create | Villager (Male) |
| 5:46 | Create | Villager (Male) |
| 5:55 | Create | Villager (Male) |
| 5:58 | Build | Mining Camp |
| 6:49 | Research | Loom |
| 7:28 | Research | Feudal Age |
| 7:44 | Build | Barracks |
| 8:10 | Create | Villager (Male) |
| 8:10 | Create | Villager (Male) |
| 9:02 | Build | Palisade Wall |
| 9:28 | Build | Palisade Wall |
| 9:30 | Build | Palisade Wall |
| 9:39 | Build | Palisade Wall |
| 9:44 | Age | Feudal Age |
| 9:46 | Build | Archery Range |
| 10:18 | Build | Palisade Wall |
| 10:21 | Build | Palisade Wall |
| 10:23 | Build | Watch Tower |
| 10:26 | Build | Palisade Wall |
| 10:36 | Build | Palisade Wall |
| 10:42 | Create | Villager (Male) |
| 10:42 | Create | Villager (Male) |
| 10:47 | Build | Mill |
| 10:48 | Create | Archer ×5 |
| 11:17 | Build | Palisade Wall |
| 11:36 | Build | Blacksmith |
| 11:39 | Create | Villager (Male) |
| 11:40 | Create | Villager (Male) |
| 11:40 | Create | Villager (Male) |
| 11:48 | Create | Archer |
| 12:07 | Build | Mining Camp |
| 12:27 | Build | House |
| 12:28 | Build | House |
| 12:32 | Create | Villager (Male) |
| 12:32 | Create | Villager (Male) |
| 13:19 | Create | Villager (Male) |
| 13:19 | Create | Villager (Male) |
| 13:37 | Build | Farm |
| 13:38 | Build | Farm |
| 13:41 | Build | Farm |
| 14:23 | Create | Villager (Male) |
| 14:24 | Create | Villager (Male) |
| 14:24 | Create | Villager (Male) |
| 14:29 | Create | Archer |
| 14:29 | Create | Archer |
| 14:57 | Research | Fletching |
| 15:19 | Build | Farm |
| 15:19 | Build | Farm |
| 15:19 | Build | Farm |
| 15:19 | Build | Farm |
| 15:25 | Create | Villager (Male) |
| 15:26 | Create | Villager (Male) |
| 15:33 | Create | Villager (Male) |
| 15:33 | Create | Villager (Male) |
| 15:40 | Create | Archer ×2 |
| 15:46 | Build | House |
| 15:47 | Build | House |
| 15:48 | Build | House |
| 16:01 | Build | Watch Tower |
| 16:07 | Build | Watch Tower |
| 16:16 | Build | Farm |
| 16:20 | Create | Villager (Male) |
| 16:20 | Create | Villager (Male) |
| 16:21 | Create | Villager (Male) |
| 16:51 | Create | Archer ×2 |
| 17:48 | Create | Villager (Male) |
| 17:48 | Create | Villager (Male) |
| 17:51 | Build | Market |
| 18:09 | Create | Villager (Male) |
| 18:27 | Create | Archer ×4 |
| 18:33 | Create | Villager (Male) |
| 18:34 | Create | Villager (Male) |
| 18:48 | Build | House |
| 18:49 | Build | House |
| 18:50 | Build | House |
| 20:22 | Research | Castle Age |
| 20:35 | Create | Archer ×5 |
| 20:56 | Research | Double-Bit Axe |
| 22:04 | Create | Villager (Male) |
| 22:34 | Build | Palisade Wall |
| 23:02 | Age | Castle Age |
| 23:04 | Build | Siege Workshop |
| 23:09 | Research | Wheelbarrow |
| 23:17 | Build | Stone Wall |
| 23:29 | Create | Iron Pagoda |
| 23:30 | Create | Iron Pagoda |
| 23:35 | Build | Palisade Wall |
| 23:41 | Research | Crossbowman (upgrade) |
| 23:59 | Build | Palisade Gate |
| 24:10 | Create | Villager (Male) |
| 24:10 | Create | Villager (Male) |
| 24:10 | Create | Villager (Male) |
| 24:38 | Create | Iron Pagoda |
| 25:11 | Create | Iron Pagoda |
| 25:46 | Create | Battering Ram |
| 26:08 | Create | Villager (Male) |
| 26:08 | Create | Villager (Male) |
| 26:08 | Create | Villager (Male) |
| 26:41 | Create | Archer ×5 |
| 26:47 | Build | House |
| 26:49 | Build | House |
| 26:50 | Build | House |
| 27:35 | Create | Villager (Male) |
| 27:35 | Create | Villager (Male) |
| 28:03 | Create | Battering Ram |
| 28:08 | Research | Bodkin Arrow |
| 28:15 | Create | Villager (Male) |
| 28:18 | Build | Archery Range |
| 28:25 | Build | Palisade Wall |
| 28:51 | Create | Villager (Male) |
| 28:52 | Create | Villager (Male) |
| 28:59 | Build | Town Center |
| 29:08 | Create | Archer ×5 |
| 29:23 | Create | Archer ×5 |
| 29:38 | Create | Villager (Male) |
| 29:38 | Create | Villager (Male) |
| 30:02 | Build | House |
| 30:04 | Build | House |
| 30:04 | Build | House |
| 31:11 | Create | Archer ×5 |
| 31:14 | Create | Villager (Male) |
| 31:14 | Create | Villager (Male) |
| 31:16 | Build | Archery Range |
| 31:17 | Build | Archery Range |
Build order — DGHIR | Garezo
First 150 of 1237 actions detected
| 0:03 | Create | Villager (Male) |
| 0:03 | Create | Villager (Male) |
| 0:04 | Build | House |
| 0:05 | Create | Villager (Male) |
| 0:05 | Create | Villager (Male) |
| 0:06 | Build | House |
| 1:30 | Create | Villager (Male) |
| 2:09 | Create | Villager (Male) |
| 2:13 | Build | Lumber Camp |
| 2:25 | Create | Villager (Male) |
| 2:44 | Build | House |
| 2:56 | Create | Villager (Male) |
| 3:26 | Create | Villager (Male) |
| 3:26 | Create | Villager (Male) |
| 3:36 | Create | Villager (Male) |
| 3:36 | Create | Villager (Male) |
| 4:03 | Create | Villager (Male) |
| 4:04 | Create | Villager (Male) |
| 4:34 | Create | Villager (Male) |
| 4:55 | Create | Villager (Male) |
| 4:55 | Create | Villager (Male) |
| 5:26 | Build | Mining Camp |
| 5:50 | Create | Villager (Male) |
| 5:50 | Create | Villager (Male) |
| 6:37 | Research | Feudal Age |
| 7:12 | Create | Villager (Male) |
| 7:44 | Create | Villager (Male) |
| 7:53 | Build | Barracks |
| 7:58 | Build | House |
| 8:04 | Age | Feudal Age |
| 8:15 | Create | Villager (Male) |
| 8:19 | Build | Watch Tower |
| 8:39 | Create | Villager (Male) |
| 8:46 | Build | Mining Camp |
| 8:49 | Build | Stone Wall |
| 8:51 | Build | Stone Wall |
| 9:00 | Build | Archery Range |
| 9:05 | Build | Archery Range |
| 9:29 | Build | Building 490 |
| 9:30 | Build | Stone Wall |
| 9:36 | Build | House |
| 10:07 | Build | Palisade Wall |
| 10:40 | Create | Archer |
| 11:06 | Research | Loom |
| 11:06 | Research | Loom |
| 11:19 | Create | Archer |
| 11:31 | Build | Outpost |
| 11:35 | Build | Mill |
| 11:59 | Create | Archer |
| 12:11 | Create | Archer |
| 12:35 | Build | Watch Tower |
| 12:49 | Build | Stone Wall |
| 12:53 | Create | Villager (Male) |
| 13:04 | Create | Villager (Male) |
| 13:43 | Create | Villager (Male) |
| 13:47 | Build | Farm |
| 13:58 | Build | House |
| 13:59 | Build | House |
| 14:02 | Create | Villager (Male) |
| 14:04 | Build | Farm |
| 14:06 | Create | Archer |
| 14:38 | Build | Mining Camp |
| 14:53 | Build | Farm |
| 14:54 | Build | Farm |
| 14:58 | Build | Stone Wall |
| 14:59 | Create | Villager (Male) |
| 15:07 | Build | Stone Wall |
| 15:26 | Create | Archer |
| 15:26 | Create | Villager (Male) |
| 15:43 | Build | Farm |
| 15:56 | Create | Villager (Male) |
| 15:56 | Create | Villager (Male) |
| 16:07 | Build | Farm |
| 16:40 | Create | Villager (Male) |
| 16:54 | Build | Palisade Wall |
| 16:55 | Build | Palisade Wall |
| 16:56 | Build | Palisade Wall |
| 17:00 | Build | Palisade Gate |
| 17:01 | Build | Palisade Wall |
| 17:01 | Build | Palisade Wall |
| 17:06 | Build | Farm |
| 17:10 | Build | Farm |
| 17:13 | Create | Villager (Male) |
| 17:41 | Create | Villager (Male) |
| 17:42 | Build | Farm |
| 17:59 | Create | Archer |
| 18:02 | Build | Farm |
| 18:06 | Create | Villager (Male) |
| 18:11 | Build | Farm |
| 18:21 | Build | Farm |
| 18:23 | Create | Archer |
| 18:45 | Create | Archer |
| 18:46 | Create | Villager (Male) |
| 18:53 | Create | Villager (Male) |
| 18:55 | Build | House |
| 19:04 | Create | Villager (Male) |
| 19:29 | Create | Villager (Male) |
| 19:34 | Build | House |
| 20:02 | Create | Militia |
| 20:03 | Build | House |
| 20:07 | Build | House |
| 20:21 | Create | Villager (Male) |
| 20:50 | Create | Villager (Male) |
| 22:01 | Create | Villager (Male) |
| 22:05 | Create | Archer |
| 22:09 | Build | Archery Range |
| 22:14 | Create | Villager (Male) |
| 22:32 | Create | Archer |
| 22:32 | Create | Archer |
| 22:38 | Create | Villager (Male) |
| 22:49 | Create | Villager (Male) |
| 23:12 | Create | Villager (Male) |
| 23:15 | Build | House |
| 23:22 | Create | Archer |
| 23:22 | Create | Villager (Male) |
| 24:06 | Research | Double-Bit Axe |
| 24:39 | Create | Villager (Male) |
| 24:47 | Create | Archer |
| 24:49 | Create | Villager (Male) |
| 25:05 | Create | Archer |
| 25:05 | Create | Archer |
| 25:19 | Create | Archer |
| 25:19 | Create | Archer |
| 25:20 | Create | Villager (Male) |
| 25:23 | Build | Watch Tower |
| 25:26 | Create | Villager (Male) |
| 25:35 | Create | Archer |
| 25:36 | Create | Archer |
| 25:43 | Create | Archer |
| 25:43 | Create | Archer |
| 26:14 | Build | Farm |
| 26:28 | Build | House |
| 26:45 | Create | Villager (Male) |
| 26:52 | Build | Market |
| 26:58 | Build | Building 490 |
| 27:19 | Create | Villager (Male) |
| 27:55 | Build | Farm |
| 28:01 | Create | Villager (Male) |
| 29:18 | Create | Archer |
| 29:18 | Create | Archer |
| 29:30 | Build | Building 487 |
| 29:36 | Create | Villager (Male) |
| 29:41 | Create | Archer |
| 29:41 | Create | Archer |
| 29:41 | Create | Archer |
| 29:49 | Research | Castle Age |
| 29:49 | Research | Castle Age |
| 29:49 | Research | Castle Age |
| 29:52 | Create | Villager (Male) |
| 29:58 | Build | Archery Range |
Build order — champyinz21
First 150 of 706 actions detected
| 0:00 | Create | Villager (Male) |
| 0:00 | Create | Villager (Male) |
| 0:01 | Create | Villager (Male) |
| 0:01 | Create | Villager (Male) |
| 0:03 | Build | House |
| 0:04 | Build | House |
| 1:27 | Create | Villager (Male) |
| 1:27 | Create | Villager (Male) |
| 1:44 | Build | Lumber Camp |
| 1:59 | Create | Villager (Male) |
| 2:20 | Create | Villager (Male) |
| 2:42 | Create | Villager (Male) |
| 2:42 | Create | Villager (Male) |
| 3:21 | Create | Villager (Male) |
| 3:40 | Create | Villager (Male) |
| 3:49 | Build | House |
| 4:07 | Create | Villager (Male) |
| 4:20 | Build | Mining Camp |
| 4:47 | Create | Villager (Male) |
| 5:11 | Create | Villager (Male) |
| 5:26 | Create | Villager (Male) |
| 5:57 | Create | Villager (Male) |
| 5:58 | Research | Loom |
| 6:51 | Research | Feudal Age |
| 8:19 | Create | Villager (Male) |
| 9:02 | Age | Feudal Age |
| 9:11 | Build | Watch Tower |
| 9:25 | Build | Watch Tower |
| 9:31 | Build | Blacksmith |
| 9:35 | Create | Villager (Male) |
| 9:38 | Build | House |
| 9:52 | Create | Villager (Male) |
| 10:22 | Create | Villager (Male) |
| 10:41 | Build | Mill |
| 10:56 | Create | Villager (Male) |
| 11:01 | Build | House |
| 11:13 | Build | Watch Tower |
| 11:47 | Create | Villager (Male) |
| 12:08 | Build | Farm |
| 12:09 | Build | Farm |
| 12:45 | Build | Farm |
| 12:55 | Research | Fletching |
| 12:55 | Research | Fletching |
| 13:21 | Create | Villager (Male) |
| 13:22 | Create | Villager (Male) |
| 13:24 | Build | Farm |
| 13:59 | Build | Watch Tower |
| 14:14 | Create | Villager (Male) |
| 14:27 | Create | Villager (Male) |
| 14:31 | Build | Farm |
| 14:46 | Build | Watch Tower |
| 15:05 | Create | Villager (Male) |
| 15:05 | Create | Villager (Male) |
| 15:13 | Build | Watch Tower |
| 15:17 | Build | Farm |
| 15:19 | Build | Farm |
| 15:22 | Create | Villager (Male) |
| 15:31 | Build | House |
| 15:31 | Build | House |
| 15:31 | Build | House |
| 15:31 | Build | House |
| 15:47 | Build | Watch Tower |
| 16:01 | Create | Villager (Male) |
| 16:04 | Build | Farm |
| 16:07 | Build | Farm |
| 16:35 | Create | Villager (Male) |
| 16:50 | Build | Watch Tower |
| 16:59 | Create | Villager (Male) |
| 17:02 | Build | Farm |
| 17:06 | Build | Mining Camp |
| 17:21 | Create | Villager (Male) |
| 17:46 | Build | House |
| 18:01 | Create | Villager (Male) |
| 18:05 | Research | Double-Bit Axe |
| 18:07 | Research | Horse Collar |
| 18:21 | Create | Villager (Male) |
| 18:47 | Build | Watch Tower |
| 19:09 | Create | Villager (Male) |
| 19:13 | Build | Farm |
| 19:17 | Build | Farm |
| 19:17 | Build | Farm |
| 19:17 | Build | Farm |
| 19:18 | Build | Farm |
| 19:24 | Create | Villager (Male) |
| 19:58 | Create | Villager (Male) |
| 20:07 | Create | Villager (Male) |
| 20:27 | Create | Villager (Male) |
| 20:51 | Create | Villager (Male) |
| 21:03 | Build | Market |
| 21:34 | Create | Villager (Male) |
| 21:39 | Build | Watch Tower |
| 22:10 | Research | Castle Age |
| 22:11 | Research | Castle Age |
| 22:19 | Build | Stone Wall |
| 22:41 | Build | Stone Wall |
| 22:56 | Build | Stone Wall |
| 23:00 | Build | Stone Wall |
| 23:02 | Build | Stone Wall |
| 23:07 | Build | Stone Wall |
| 23:32 | Build | Stone Wall |
| 23:48 | Build | House |
| 23:48 | Build | House |
| 24:18 | Build | Stone Wall |
| 24:23 | Build | Stone Wall |
| 24:28 | Create | Villager (Male) |
| 24:50 | Age | Castle Age |
| 24:56 | Build | Castle |
| 25:17 | Create | Villager (Male) |
| 25:22 | Build | House |
| 25:23 | Build | House |
| 25:27 | Research | Bow Saw |
| 26:00 | Create | Villager (Male) |
| 26:19 | Build | Town Center |
| 26:22 | Create | Villager (Male) |
| 26:37 | Build | Barracks |
| 26:39 | Build | Barracks |
| 26:43 | Research | Scale Mail Armor |
| 26:46 | Research | Gold Mining |
| 26:47 | Create | Villager (Male) |
| 27:05 | Build | Barracks |
| 27:10 | Create | Villager (Male) |
| 27:16 | Research | Forging |
| 27:39 | Create | Villager (Male) |
| 27:49 | Create | Villager (Male) |
| 28:00 | Build | Stable |
| 28:11 | Create | Villager (Male) |
| 28:11 | Create | Villager (Male) |
| 28:23 | Build | Stone Wall |
| 28:26 | Build | Stone Wall |
| 28:28 | Create | Villager (Male) |
| 28:34 | Research | Scale Barding Armor |
| 28:40 | Create | Villager (Male) |
| 28:45 | Build | Farm |
| 28:50 | Create | Knight |
| 28:54 | Build | Stable |
| 29:24 | Research | Bloodlines |
| 29:36 | Build | Farm |
| 29:37 | Build | Farm |
| 29:37 | Build | Farm |
| 29:37 | Build | Farm |
| 29:37 | Build | Farm |
| 29:37 | Build | Farm |
| 29:38 | Build | Farm |
| 29:39 | Build | Farm |
| 29:40 | Build | Farm |
| 29:43 | Build | Farm |
| 29:45 | Create | Villager (Male) |
| 29:55 | Create | Knight |
| 30:04 | Build | Stone Wall |
| 30:06 | Build | Stone Wall |
Build order — Hash-
First 150 of 1536 actions detected
| 0:02 | Create | Villager (Male) |
| 0:02 | Create | Villager (Male) |
| 0:02 | Create | Villager (Male) |
| 0:03 | Create | Villager (Male) |
| 0:04 | Build | House |
| 0:05 | Build | House |
| 1:26 | Create | Villager (Male) |
| 2:02 | Create | Villager (Male) |
| 2:03 | Create | Villager (Male) |
| 2:03 | Create | Villager (Male) |
| 2:16 | Build | Lumber Camp |
| 2:26 | Create | Villager (Male) |
| 2:26 | Create | Villager (Male) |
| 2:27 | Create | Villager (Male) |
| 2:37 | Build | House |
| 3:04 | Create | Villager (Male) |
| 3:35 | Create | Villager (Male) |
| 3:35 | Create | Villager (Male) |
| 3:57 | Create | Villager (Male) |
| 3:57 | Create | Villager (Male) |
| 4:56 | Create | Villager (Male) |
| 5:03 | Create | Villager (Male) |
| 5:08 | Create | Villager (Male) |
| 5:13 | Create | Villager (Male) |
| 5:17 | Build | Mill |
| 5:18 | Create | Villager (Male) |
| 5:21 | Create | Villager (Male) |
| 6:16 | Create | Villager (Male) |
| 6:47 | Research | Feudal Age |
| 6:47 | Research | Feudal Age |
| 7:53 | Build | House |
| 8:55 | Create | Villager (Male) |
| 8:57 | Age | Feudal Age |
| 9:01 | Build | Town Center |
| 9:13 | Create | Villager (Male) |
| 9:25 | Research | Double-Bit Axe |
| 9:47 | Create | Villager (Male) |
| 9:50 | Research | Horse Collar |
| 9:56 | Create | Villager (Male) |
| 10:14 | Create | Villager (Male) |
| 10:27 | Create | Villager (Male) |
| 10:30 | Create | Villager (Male) |
| 10:31 | Create | Villager (Male) |
| 10:57 | Create | Villager (Male) |
| 11:15 | Create | Villager (Male) |
| 11:23 | Create | Villager (Male) |
| 11:27 | Create | Villager (Male) |
| 11:35 | Build | Farm |
| 11:38 | Build | Farm |
| 11:41 | Build | House |
| 11:53 | Research | Wheelbarrow |
| 11:55 | Build | Farm |
| 12:07 | Create | Villager (Male) |
| 12:09 | Build | House |
| 12:14 | Build | Farm |
| 12:32 | Build | Farm |
| 12:49 | Create | Villager (Male) |
| 12:50 | Create | Villager (Male) |
| 12:53 | Build | Farm |
| 12:55 | Build | Farm |
| 12:57 | Build | Farm |
| 13:05 | Create | Villager (Male) |
| 13:09 | Build | Farm |
| 13:10 | Build | Farm |
| 13:10 | Create | Villager (Male) |
| 13:15 | Research | Loom |
| 13:18 | Build | House |
| 13:23 | Build | Farm |
| 13:30 | Create | Villager (Male) |
| 13:36 | Build | Farm |
| 13:49 | Create | Villager (Male) |
| 13:57 | Build | House |
| 14:01 | Build | Farm |
| 14:09 | Build | Farm |
| 14:09 | Create | Villager (Male) |
| 14:16 | Build | Farm |
| 14:16 | Create | Villager (Male) |
| 14:18 | Create | Villager (Male) |
| 14:26 | Create | Villager (Male) |
| 14:30 | Build | Farm |
| 14:43 | Build | Farm |
| 14:43 | Create | Villager (Male) |
| 14:49 | Build | House |
| 14:56 | Create | Villager (Male) |
| 15:09 | Create | Villager (Male) |
| 15:15 | Build | Barracks |
| 15:19 | Create | Villager (Male) |
| 15:34 | Build | Farm |
| 15:37 | Build | Farm |
| 15:48 | Create | Villager (Male) |
| 15:56 | Build | Blacksmith |
| 15:57 | Create | Villager (Male) |
| 16:01 | Create | Villager (Male) |
| 16:06 | Create | Villager (Male) |
| 16:13 | Build | Stable |
| 16:18 | Create | Villager (Male) |
| 16:31 | Build | Farm |
| 16:33 | Build | Farm |
| 16:34 | Build | Farm |
| 16:39 | Create | Villager (Male) |
| 16:43 | Build | House |
| 16:59 | Create | Villager (Male) |
| 17:04 | Create | Villager (Male) |
| 17:16 | Build | Farm |
| 17:25 | Research | Castle Age |
| 17:25 | Research | Castle Age |
| 17:31 | Build | Stable |
| 17:32 | Build | Stable |
| 17:39 | Build | Mining Camp |
| 17:56 | Create | Villager (Male) |
| 17:56 | Create | Villager (Male) |
| 17:59 | Build | Mill |
| 17:59 | Build | Farm |
| 17:59 | Build | Farm |
| 18:00 | Build | Farm |
| 18:00 | Build | Farm |
| 18:00 | Build | Farm |
| 18:00 | Build | Farm |
| 18:01 | Build | Farm |
| 18:02 | Build | Farm |
| 18:02 | Build | Farm |
| 18:02 | Build | Farm |
| 18:04 | Create | Villager (Male) |
| 18:10 | Build | House |
| 18:12 | Build | House |
| 18:25 | Create | Villager (Male) |
| 18:36 | Create | Villager (Male) |
| 18:52 | Create | Villager (Male) |
| 19:07 | Create | Villager (Male) |
| 19:23 | Build | Farm |
| 19:24 | Build | Farm |
| 19:24 | Build | Farm |
| 19:24 | Build | Farm |
| 19:24 | Build | Farm |
| 19:25 | Build | Farm |
| 19:25 | Build | Farm |
| 19:44 | Research | Scale Barding Armor |
| 19:52 | Build | Mill |
| 19:53 | Build | Farm |
| 19:53 | Build | Farm |
| 19:54 | Build | Farm |
| 19:54 | Build | Farm |
| 19:55 | Build | Farm |
| 19:55 | Build | Farm |
| 20:00 | Research | Bloodlines |
| 20:05 | Age | Castle Age |
| 20:14 | Create | Knight |
| 20:14 | Create | Knight |
| 20:22 | Research | Bow Saw |
| 20:22 | Create | Villager (Male) |
Build order — King David
First 150 of 1044 actions detected
| 0:01 | Create | Villager (Male) ×4 |
| 0:01 | Create | Villager (Male) ×4 |
| 1:18 | Create | Villager (Male) |
| 1:18 | Create | Villager (Male) |
| 2:15 | Build | Lumber Camp |
| 2:25 | Create | Villager (Male) |
| 2:26 | Create | Villager (Male) |
| 2:26 | Create | Villager (Male) |
| 2:28 | Create | Villager (Male) |
| 2:28 | Create | Villager (Male) |
| 3:22 | Create | Villager (Male) |
| 3:22 | Create | Villager (Male) |
| 3:29 | Create | Villager (Male) |
| 3:29 | Create | Villager (Male) |
| 4:18 | Create | Villager (Male) |
| 4:24 | Build | Mill |
| 4:46 | Create | Villager (Male) |
| 4:46 | Create | Villager (Male) |
| 4:46 | Create | Villager (Male) |
| 4:59 | Create | Villager (Male) |
| 5:14 | Create | Villager (Male) |
| 5:14 | Create | Villager (Male) |
| 5:38 | Create | Villager (Male) |
| 5:56 | Create | Villager (Male) |
| 5:57 | Create | Villager (Male) |
| 5:57 | Create | Villager (Male) |
| 6:23 | Create | Villager (Male) |
| 6:54 | Create | Villager (Male) |
| 6:54 | Create | Villager (Male) |
| 7:20 | Create | Villager (Male) |
| 7:56 | Research | Feudal Age |
| 8:01 | Build | Mining Camp |
| 8:38 | Build | Barracks |
| 9:03 | Build | Lumber Camp |
| 9:35 | Create | Villager (Male) |
| 10:06 | Age | Feudal Age |
| 10:16 | Build | Stable |
| 10:31 | Create | Villager (Male) |
| 10:38 | Research | Double-Bit Axe |
| 10:49 | Create | Villager (Male) |
| 11:18 | Create | Scout Cavalry |
| 11:18 | Create | Scout Cavalry |
| 11:18 | Create | Scout Cavalry |
| 11:19 | Create | Scout Cavalry |
| 11:20 | Create | Villager (Male) |
| 11:20 | Create | Villager (Male) |
| 11:20 | Create | Villager (Male) |
| 11:26 | Research | Horse Collar |
| 11:26 | Research | Horse Collar |
| 11:27 | Research | Horse Collar |
| 11:44 | Create | Villager (Male) |
| 12:00 | Build | Blacksmith |
| 12:04 | Build | Farm |
| 12:07 | Build | Farm |
| 12:08 | Create | Villager (Male) |
| 12:14 | Create | Scout Cavalry |
| 12:14 | Create | Scout Cavalry |
| 12:30 | Create | Villager (Male) |
| 12:38 | Build | Farm |
| 12:43 | Build | Farm |
| 12:46 | Build | Farm |
| 12:49 | Create | Villager (Male) |
| 12:52 | Build | Farm |
| 13:22 | Create | Villager (Male) |
| 13:28 | Build | Blacksmith |
| 13:31 | Create | Scout Cavalry |
| 13:43 | Build | Farm |
| 13:47 | Build | Farm |
| 13:52 | Build | Farm |
| 13:55 | Build | Farm |
| 14:23 | Build | Market |
| 14:38 | Build | Farm |
| 14:50 | Build | Farm |
| 15:27 | Research | Loom |
| 15:31 | Build | Farm |
| 15:34 | Build | Farm |
| 16:23 | Research | Castle Age |
| 16:23 | Research | Castle Age |
| 16:27 | Build | Archery Range |
| 16:29 | Build | Archery Range |
| 16:35 | Build | Archery Range |
| 17:54 | Research | Fletching |
| 18:42 | Research | Bloodlines |
| 18:43 | Research | Bloodlines |
| 19:01 | Create | Villager (Male) |
| 19:01 | Create | Villager (Male) |
| 19:03 | Age | Castle Age |
| 19:07 | Build | Town Center |
| 19:11 | Create | Cavalry Archer |
| 19:26 | Build | Monastery |
| 19:40 | Create | Villager (Male) |
| 19:41 | Create | Villager (Male) |
| 19:53 | Build | Farm |
| 19:54 | Build | Farm |
| 19:54 | Build | Farm |
| 19:55 | Build | Farm |
| 19:58 | Create | Villager (Male) ×4 |
| 20:10 | Create | Cavalry Archer |
| 20:10 | Create | Cavalry Archer |
| 20:20 | Build | Farm |
| 20:21 | Build | Farm |
| 20:22 | Build | Farm |
| 20:26 | Build | University |
| 20:50 | Create | Monk |
| 20:56 | Research | Husbandry |
| 20:56 | Research | Husbandry |
| 21:07 | Create | Cavalry Archer |
| 21:07 | Create | Cavalry Archer |
| 21:09 | Create | Villager (Male) |
| 21:09 | Create | Villager (Male) |
| 21:23 | Create | Cavalry Archer |
| 21:23 | Create | Cavalry Archer |
| 21:30 | Create | Villager (Male) ×2 |
| 21:30 | Create | Villager (Male) ×2 |
| 21:41 | Create | Cavalry Archer |
| 21:41 | Create | Cavalry Archer |
| 21:42 | Create | Cavalry Archer |
| 22:15 | Build | Farm |
| 22:33 | Research | Ballistics |
| 22:34 | Research | Ballistics |
| 22:40 | Create | Cavalry Archer |
| 22:40 | Create | Cavalry Archer |
| 22:41 | Create | Villager (Male) ×5 |
| 22:42 | Create | Villager (Male) |
| 22:42 | Create | Villager (Male) ×2 |
| 22:42 | Create | Villager (Male) |
| 23:02 | Research | Bodkin Arrow |
| 23:02 | Research | Bodkin Arrow |
| 23:51 | Create | Cavalry Archer ×2 |
| 23:51 | Create | Cavalry Archer ×2 |
| 23:53 | Create | Villager (Male) ×5 |
| 23:53 | Create | Villager (Male) ×5 |
| 23:57 | Build | Lumber Camp |
| 24:03 | Build | Town Center |
| 24:05 | Create | Cavalry Archer |
| 24:05 | Create | Cavalry Archer |
| 24:10 | Research | Gold Mining |
| 24:10 | Research | Gold Mining |
| 24:19 | Research | Heavy Plow |
| 24:19 | Research | Heavy Plow |
| 24:29 | Research | Padded Archer Armor |
| 24:29 | Research | Padded Archer Armor |
| 24:52 | Research | Bow Saw |
| 24:52 | Research | Bow Saw |
| 24:55 | Research | Loom |
| 24:56 | Research | Town Watch |
| 24:56 | Research | Town Watch |
| 25:06 | Create | Cavalry Archer |
| 25:06 | Create | Cavalry Archer |
| 25:07 | Create | Cavalry Archer |
Match timeline
| 7:16 | caterpie · wall_segment Palisade Wall x1 |
| 7:44 | DGHIR | Miloss · first_building Barracks |
| 7:53 | DGHIR | Garezo · first_building Barracks |
| 8:04 | DGHIR | Garezo · age_up feudal |
| 8:08 | caterpie · wall_segment Palisade Wall x1 |
| 8:26 | caterpie · age_up feudal |
| 8:38 | King David · first_building Barracks |
| 8:49 | DGHIR | Garezo · wall_segment Stone Wall x1 |
| 8:51 | DGHIR | Garezo · wall_segment Stone Wall x7 |
| 8:57 | Hash- · age_up feudal |
| 9:00 | DGHIR | Garezo · first_building Archery Range |
| 9:02 | DGHIR | Miloss · wall_segment Palisade Wall x13 |
| 9:02 | champyinz21 · age_up feudal |
| 9:28 | DGHIR | Miloss · wall_segment Palisade Wall x5 |
| 9:30 | DGHIR | Miloss · wall_segment Palisade Wall x1 |
| 9:30 | DGHIR | Garezo · wall_segment Stone Wall x1 |
| 9:39 | DGHIR | Miloss · wall_segment Palisade Wall x6 |
| 9:44 | DGHIR | Miloss · age_up feudal |
| 9:46 | DGHIR | Miloss · first_building Archery Range |
| 10:06 | King David · age_up feudal |
| 10:07 | DGHIR | Garezo · wall_segment Palisade Wall x1 |
| 10:16 | King David · first_building Stable |
| 10:18 | DGHIR | Miloss · wall_segment Palisade Wall x4 |
| 10:21 | DGHIR | Miloss · wall_segment Palisade Wall x4 |
| 10:26 | DGHIR | Miloss · wall_segment Palisade Wall x6 |
| 10:36 | DGHIR | Miloss · wall_segment Palisade Wall x1 |
| 10:47 | EZLIVING:D · age_up feudal |
| 10:49 | 鼠條 · age_up feudal |
| 11:01 | caterpie · wall_segment Stone Wall x1 |
| 11:03 | caterpie · wall_segment Stone Wall x1 |
| 11:17 | DGHIR | Miloss · wall_segment Palisade Wall x5 |
| 12:28 | 鼠條 · first_building Barracks |
| 12:49 | DGHIR | Garezo · wall_segment Stone Wall x1 |
| 13:16 | EZLIVING:D · first_building Barracks |
| 14:06 | 鼠條 · age_up castle |
| 14:12 | EZLIVING:D · first_building Stable |
| 14:18 | 鼠條 · first_building Stable |
| 14:50 | EZLIVING:D · age_up castle |
| 14:58 | DGHIR | Garezo · wall_segment Stone Wall x1 |
| 15:07 | DGHIR | Garezo · wall_segment Stone Wall x1 |
| 15:13 | caterpie · wall_segment Palisade Wall x1 |
| 15:15 | caterpie · wall_segment Palisade Wall x1 |
| 15:15 | Hash- · first_building Barracks |
| 16:13 | Hash- · first_building Stable |
| 16:27 | King David · first_building Archery Range |
| 16:54 | DGHIR | Garezo · wall_segment Palisade Wall x1 |
| 16:55 | DGHIR | Garezo · wall_segment Palisade Wall x1 |
| 16:56 | DGHIR | Garezo · wall_segment Palisade Wall x1 |
| 17:01 | DGHIR | Garezo · wall_segment Palisade Wall x1 |
| 17:01 | DGHIR | Garezo · wall_segment Palisade Wall x1 |
| 18:06 | caterpie · first_market_buy 100 food |
| 19:03 | King David · age_up castle |
| 19:26 | King David · first_building Monastery |
| 19:39 | DGHIR | Miloss · first_market_sell 500 wood |
| 19:51 | DGHIR | Miloss · first_market_buy 100 food |
| 20:05 | Hash- · age_up castle |
| 21:40 | caterpie · age_up castle |
| 22:09 | champyinz21 · first_market_sell 100 food |
| 22:19 | champyinz21 · wall_segment Stone Wall x4 |
| 22:32 | King David · first_market_sell 100 food |
| 22:34 | DGHIR | Miloss · wall_segment Palisade Wall x1 |
| 22:41 | champyinz21 · wall_segment Stone Wall x1 |
| 22:47 | caterpie · wall_segment Stone Wall x1 |
| 22:48 | caterpie · wall_segment Stone Wall x1 |
| 22:50 | caterpie · wall_segment Stone Wall x1 |
| 22:53 | caterpie · wall_segment Stone Wall x1 |
| 22:54 | caterpie · wall_segment Stone Wall x1 |
| 22:56 | caterpie · wall_segment Stone Wall x1 |
| 22:56 | champyinz21 · wall_segment Stone Wall x1 |
| 23:00 | champyinz21 · wall_segment Stone Wall x1 |
| 23:02 | DGHIR | Miloss · age_up castle |
| 23:02 | champyinz21 · wall_segment Stone Wall x1 |
| 23:04 | DGHIR | Miloss · first_building Siege Workshop |
| 23:07 | champyinz21 · wall_segment Stone Wall x1 |
| 23:17 | DGHIR | Miloss · wall_segment Stone Wall x1 |
| 23:32 | champyinz21 · wall_segment Stone Wall x6 |
| 23:35 | DGHIR | Miloss · wall_segment Palisade Wall x1 |
| 23:49 | caterpie · first_building Monastery |
| 23:57 | Hash- · wall_segment Palisade Wall x1 |
| 23:59 | Hash- · wall_segment Palisade Wall x1 |
| 24:01 | Hash- · wall_segment Palisade Wall x1 |
| 24:18 | champyinz21 · wall_segment Stone Wall x1 |
| 24:23 | champyinz21 · wall_segment Stone Wall x4 |
| 24:31 | champyinz21 · first_market_buy 100 stone |
| 24:50 | champyinz21 · age_up castle |
| 24:54 | Hash- · first_building Monastery |
| 24:56 | champyinz21 · first_building Castle |
| 26:25 | EZLIVING:D · first_market_sell 100 wood |
| 26:37 | champyinz21 · first_building Barracks |
| 26:40 | 鼠條 · first_building Monastery |
| 27:58 | DGHIR | Garezo · first_market_buy 100 food |
| 28:00 | champyinz21 · first_building Stable |
| 28:03 | DGHIR | Garezo · first_market_sell 100 wood |
| 28:03 | caterpie · first_building Siege Workshop |
| 28:23 | champyinz21 · wall_segment Stone Wall x33 |
| 28:25 | DGHIR | Miloss · wall_segment Palisade Wall x4 |
| 28:26 | champyinz21 · wall_segment Stone Wall x4 |
| 29:30 | 鼠條 · first_building Castle |
| 30:04 | caterpie · first_building Castle |
| 30:04 | champyinz21 · wall_segment Stone Wall x1 |
| 30:06 | champyinz21 · wall_segment Stone Wall x6 |
| 30:10 | champyinz21 · wall_segment Stone Wall x5 |
| 30:12 | champyinz21 · wall_segment Stone Wall x1 |
| 30:28 | Hash- · first_market_sell 100 food |
| 30:28 | 鼠條 · age_up imperial |
| 30:32 | champyinz21 · wall_segment Stone Wall x1 |
| 31:25 | DGHIR | Garezo · age_up castle |
| 31:59 | caterpie · first_building Barracks |
| 32:06 | EZLIVING:D · first_building Monastery |
| 33:00 | DGHIR | Garezo · wall_segment Stone Wall x1 |
| 33:04 | Hash- · age_up imperial |
| 33:24 | King David · wall_segment Stone Wall x35 |
| 33:26 | DGHIR | Garezo · wall_segment Stone Wall x1 |
| 33:30 | DGHIR | Garezo · wall_segment Stone Wall x1 |
| 33:31 | DGHIR | Garezo · wall_segment Stone Wall x2 |
| 33:32 | DGHIR | Garezo · wall_segment Stone Wall x1 |
| 33:33 | champyinz21 · wall_segment Stone Wall x19 |
| 33:35 | DGHIR | Garezo · wall_segment Stone Wall x3 |
| 33:35 | King David · wall_segment Stone Wall x10 |
| 33:37 | DGHIR | Garezo · wall_segment Stone Wall x1 |
| 33:45 | caterpie · first_market_sell 100 food |
| 34:16 | DGHIR | Miloss · first_building Castle |
| 34:16 | champyinz21 · wall_segment Stone Wall x1 |
| 34:22 | King David · first_market_buy 100 stone |
| 34:24 | champyinz21 · wall_segment Stone Wall x12 |
| 34:26 | champyinz21 · wall_segment Stone Wall x3 |
| 34:26 | King David · wall_segment Stone Wall x8 |
| 34:29 | champyinz21 · wall_segment Stone Wall x8 |
| 34:31 | champyinz21 · wall_segment Stone Wall x5 |
| 34:35 | King David · wall_segment Stone Wall x1 |
| 35:17 | caterpie · wall_segment Stone Wall x42 |
| 35:24 | DGHIR | Garezo · wall_segment Stone Wall x1 |
| 35:57 | EZLIVING:D · first_building Castle |
| 36:26 | Hash- · first_building Castle |
| 37:04 | caterpie · wall_segment Stone Wall x5 |
| 37:18 | King David · age_up imperial |
| 37:20 | EZLIVING:D · age_up imperial |
| 37:24 | champyinz21 · wall_segment Stone Wall x1 |
| 37:52 | caterpie · age_up imperial |
| 38:34 | King David · wall_segment Stone Wall x10 |
| 38:42 | King David · wall_segment Stone Wall x6 |
| 39:29 | King David · wall_segment Stone Wall x7 |
| 39:43 | DGHIR | Garezo · wall_segment Palisade Wall x1 |
| 39:45 | DGHIR | Garezo · wall_segment Palisade Wall x1 |
| 39:47 | King David · wall_segment Stone Wall x8 |
| 40:12 | 鼠條 · wall_segment Stone Wall x17 |
| 40:13 | 鼠條 · wall_segment Stone Wall x10 |
| 40:16 | 鼠條 · wall_segment Stone Wall x6 |
| 40:37 | King David · first_building Siege Workshop |
| 43:04 | 鼠條 · tribute_sent a jugador 2 |
| 43:04 | 鼠條 · tribute_sent a jugador 3 |
| 43:04 | 鼠條 · tribute_sent a jugador 4 |
| 43:04 | 鼠條 · tribute_sent a jugador 5 |
| 43:04 | 鼠條 · tribute_sent a jugador 6 |
| 43:04 | 鼠條 · tribute_sent a jugador 7 |
| 43:04 | 鼠條 · tribute_sent a jugador 8 |
| 43:39 | 鼠條 · tribute_sent a jugador 2 |
| 43:39 | 鼠條 · tribute_sent a jugador 3 |
| 43:39 | 鼠條 · tribute_sent a jugador 4 |
| 43:39 | 鼠條 · tribute_sent a jugador 5 |
| 43:39 | 鼠條 · tribute_sent a jugador 6 |
| 43:39 | 鼠條 · tribute_sent a jugador 7 |
| 43:39 | 鼠條 · tribute_sent a jugador 8 |
| 44:02 | caterpie · tribute_sent a jugador 1 |
| 44:02 | caterpie · tribute_sent a jugador 3 |
| 44:02 | caterpie · tribute_sent a jugador 4 |
| 44:02 | caterpie · tribute_sent a jugador 5 |
| 44:02 | caterpie · tribute_sent a jugador 6 |
| 44:02 | caterpie · tribute_sent a jugador 7 |
| 44:02 | caterpie · tribute_sent a jugador 8 |
| 44:26 | DGHIR | Miloss · age_up imperial |
| 44:53 | 鼠條 · tribute_sent a jugador 2 |
| 44:53 | 鼠條 · tribute_sent a jugador 3 |
| 44:53 | 鼠條 · tribute_sent a jugador 4 |
| 44:53 | 鼠條 · tribute_sent a jugador 5 |
| 44:53 | 鼠條 · tribute_sent a jugador 6 |
| 44:53 | 鼠條 · tribute_sent a jugador 7 |
| 44:53 | 鼠條 · tribute_sent a jugador 8 |
| 45:33 | EZLIVING:D · tribute_sent a jugador 1 |
| 45:33 | EZLIVING:D · tribute_sent a jugador 2 |
| 45:33 | EZLIVING:D · tribute_sent a jugador 3 |
| 45:33 | EZLIVING:D · tribute_sent a jugador 5 |
| 45:33 | EZLIVING:D · tribute_sent a jugador 6 |
| 45:33 | EZLIVING:D · tribute_sent a jugador 7 |
| 45:33 | EZLIVING:D · tribute_sent a jugador 8 |
| 45:43 | caterpie · tribute_sent a jugador 1 |
| 45:43 | caterpie · tribute_sent a jugador 3 |
| 45:43 | caterpie · tribute_sent a jugador 4 |
| 45:43 | caterpie · tribute_sent a jugador 5 |
| 45:43 | caterpie · tribute_sent a jugador 6 |
| 45:43 | caterpie · tribute_sent a jugador 7 |
| 45:43 | caterpie · tribute_sent a jugador 8 |
| 46:22 | 鼠條 · tribute_sent a jugador 2 |
| 46:22 | 鼠條 · tribute_sent a jugador 3 |
| 46:22 | 鼠條 · tribute_sent a jugador 4 |
| 46:22 | 鼠條 · tribute_sent a jugador 5 |
| 46:22 | 鼠條 · tribute_sent a jugador 6 |
| 46:22 | 鼠條 · tribute_sent a jugador 7 |
| 46:22 | 鼠條 · tribute_sent a jugador 8 |
| 47:49 | 鼠條 · tribute_sent a jugador 2 |
| 47:49 | 鼠條 · tribute_sent a jugador 3 |
| 47:49 | 鼠條 · tribute_sent a jugador 4 |
| 47:49 | 鼠條 · tribute_sent a jugador 5 |
| 47:49 | 鼠條 · tribute_sent a jugador 6 |
| 47:49 | 鼠條 · tribute_sent a jugador 7 |
| 47:49 | 鼠條 · tribute_sent a jugador 8 |
| 48:15 | Hash- · first_building Archery Range |
| 49:12 | DGHIR | Miloss · tribute_sent a jugador 1 |
| 49:12 | DGHIR | Miloss · tribute_sent a jugador 2 |
| 49:12 | DGHIR | Miloss · tribute_sent a jugador 4 |
| 49:12 | DGHIR | Miloss · tribute_sent a jugador 5 |
| 49:12 | DGHIR | Miloss · tribute_sent a jugador 6 |
| 49:12 | DGHIR | Miloss · tribute_sent a jugador 7 |
| 49:12 | DGHIR | Miloss · tribute_sent a jugador 8 |
| 49:28 | DGHIR | Miloss · wall_segment Stone Wall x27 |
| 49:29 | caterpie · wall_segment Stone Wall x10 |
| 49:38 | EZLIVING:D · first_building Siege Workshop |
| 50:03 | DGHIR | Miloss · wall_segment Stone Wall x7 |
| 50:15 | EZLIVING:D · wall_segment Stone Wall x32 |
| 50:35 | caterpie · wall_segment Stone Wall x5 |
| 50:37 | 鼠條 · first_market_buy 100 stone |
| 50:39 | caterpie · wall_segment Stone Wall x1 |
| 50:40 | caterpie · wall_segment Stone Wall x1 |
| 50:45 | DGHIR | Miloss · wall_segment Stone Wall x1 |
| 50:53 | 鼠條 · wall_segment Stone Wall x4 |
| 51:47 | EZLIVING:D · wall_segment Stone Wall x3 |
| 52:05 | 鼠條 · tribute_sent a jugador 2 |
| 52:05 | 鼠條 · tribute_sent a jugador 3 |
| 52:05 | 鼠條 · tribute_sent a jugador 4 |
| 52:05 | 鼠條 · tribute_sent a jugador 5 |
| 52:05 | 鼠條 · tribute_sent a jugador 6 |
| 52:05 | 鼠條 · tribute_sent a jugador 7 |
| 52:05 | 鼠條 · tribute_sent a jugador 8 |
| 52:18 | champyinz21 · first_building Siege Workshop |
| 52:21 | 鼠條 · wall_segment Stone Wall x4 |
| 52:59 | 鼠條 · wall_segment Stone Wall x1 |
| 54:59 | 鼠條 · tribute_sent a jugador 2 |
| 54:59 | 鼠條 · tribute_sent a jugador 3 |
| 54:59 | 鼠條 · tribute_sent a jugador 4 |
| 54:59 | 鼠條 · tribute_sent a jugador 5 |
| 54:59 | 鼠條 · tribute_sent a jugador 6 |
| 54:59 | 鼠條 · tribute_sent a jugador 7 |
| 54:59 | 鼠條 · tribute_sent a jugador 8 |
| 55:11 | 鼠條 · wall_segment Stone Wall x15 |
| 55:20 | EZLIVING:D · wall_segment Stone Wall x7 |
| 55:55 | champyinz21 · age_up imperial |
| 57:19 | caterpie · tribute_sent a jugador 1 |
| 57:19 | caterpie · tribute_sent a jugador 3 |
| 57:19 | caterpie · tribute_sent a jugador 4 |
| 57:19 | caterpie · tribute_sent a jugador 5 |
| 57:19 | caterpie · tribute_sent a jugador 6 |
| 57:19 | caterpie · tribute_sent a jugador 7 |
| 57:19 | caterpie · tribute_sent a jugador 8 |
| 58:13 | DGHIR | Garezo · first_building Castle |
| 58:43 | 鼠條 · first_market_sell 500 wood |
| 59:09 | 鼠條 · tribute_sent a jugador 2 |
| 59:09 | 鼠條 · tribute_sent a jugador 3 |
| 59:09 | 鼠條 · tribute_sent a jugador 4 |
| 59:09 | 鼠條 · tribute_sent a jugador 5 |
| 59:09 | 鼠條 · tribute_sent a jugador 6 |
| 59:09 | 鼠條 · tribute_sent a jugador 7 |
| 59:09 | 鼠條 · tribute_sent a jugador 8 |
| 59:49 | DGHIR | Garezo · tribute_sent a jugador 1 |
| 59:49 | DGHIR | Garezo · tribute_sent a jugador 2 |
| 59:49 | DGHIR | Garezo · tribute_sent a jugador 3 |
| 59:49 | DGHIR | Garezo · tribute_sent a jugador 4 |
| 59:49 | DGHIR | Garezo · tribute_sent a jugador 6 |
| 59:49 | DGHIR | Garezo · tribute_sent a jugador 7 |
| 59:49 | DGHIR | Garezo · tribute_sent a jugador 8 |
| 59:52 | 鼠條 · tribute_sent a jugador 2 |
| 59:52 | 鼠條 · tribute_sent a jugador 3 |
| 59:52 | 鼠條 · tribute_sent a jugador 4 |
| 59:52 | 鼠條 · tribute_sent a jugador 5 |
| 59:52 | 鼠條 · tribute_sent a jugador 6 |
| 59:52 | 鼠條 · tribute_sent a jugador 7 |
| 59:52 | 鼠條 · tribute_sent a jugador 8 |
| 60:15 | DGHIR | Garezo · tribute_sent a jugador 1 |
| 60:15 | DGHIR | Garezo · tribute_sent a jugador 2 |
| 60:15 | DGHIR | Garezo · tribute_sent a jugador 3 |
| 60:15 | DGHIR | Garezo · tribute_sent a jugador 4 |
| 60:15 | DGHIR | Garezo · tribute_sent a jugador 6 |
| 60:15 | DGHIR | Garezo · tribute_sent a jugador 7 |
| 60:15 | DGHIR | Garezo · tribute_sent a jugador 8 |
| 60:29 | 鼠條 · wall_segment Stone Wall x12 |
| 60:47 | DGHIR | Miloss · wall_segment Stone Wall x33 |
| 60:53 | DGHIR | Miloss · wall_segment Stone Wall x1 |
| 61:09 | EZLIVING:D · wall_segment Stone Wall x2 |
| 61:09 | EZLIVING:D · wall_segment Stone Wall x1 |
| 62:18 | 鼠條 · tribute_sent a jugador 2 |
| 62:18 | 鼠條 · tribute_sent a jugador 3 |
| 62:18 | 鼠條 · tribute_sent a jugador 4 |
| 62:18 | 鼠條 · tribute_sent a jugador 5 |
| 62:18 | 鼠條 · tribute_sent a jugador 6 |
| 62:18 | 鼠條 · tribute_sent a jugador 7 |
| 62:18 | 鼠條 · tribute_sent a jugador 8 |
| 62:41 | 鼠條 · tribute_sent a jugador 2 |
| 62:41 | 鼠條 · tribute_sent a jugador 3 |
| 62:41 | 鼠條 · tribute_sent a jugador 4 |
| 62:41 | 鼠條 · tribute_sent a jugador 5 |
| 62:41 | 鼠條 · tribute_sent a jugador 6 |
| 62:41 | 鼠條 · tribute_sent a jugador 7 |
| 62:41 | 鼠條 · tribute_sent a jugador 8 |
| 63:05 | caterpie · tribute_sent a jugador 1 |
| 63:05 | caterpie · tribute_sent a jugador 3 |
| 63:05 | caterpie · tribute_sent a jugador 4 |
| 63:05 | caterpie · tribute_sent a jugador 5 |
| 63:05 | caterpie · tribute_sent a jugador 6 |
| 63:05 | caterpie · tribute_sent a jugador 7 |
| 63:05 | caterpie · tribute_sent a jugador 8 |
| 63:20 | Hash- · first_market_buy 100 stone |
| 64:34 | EZLIVING:D · wall_segment Stone Wall x2 |
| 64:53 | 鼠條 · wall_segment Stone Wall x1 |
| 64:54 | 鼠條 · wall_segment Stone Wall x4 |
| 65:18 | DGHIR | Miloss · wall_segment Stone Wall x31 |
| 65:21 | DGHIR | Miloss · wall_segment Stone Wall x31 |
| 66:02 | caterpie · tribute_sent a jugador 1 |
| 66:02 | caterpie · tribute_sent a jugador 3 |
| 66:02 | caterpie · tribute_sent a jugador 4 |
| 66:02 | caterpie · tribute_sent a jugador 5 |
| 66:02 | caterpie · tribute_sent a jugador 6 |
| 66:02 | caterpie · tribute_sent a jugador 7 |
| 66:02 | caterpie · tribute_sent a jugador 8 |
| 66:02 | DGHIR | Garezo · first_building Siege Workshop |
| 67:15 | DGHIR | Garezo · age_up imperial |
| 67:20 | 鼠條 · tribute_sent a jugador 2 |
| 67:20 | 鼠條 · tribute_sent a jugador 3 |
| 67:20 | 鼠條 · tribute_sent a jugador 4 |
| 67:20 | 鼠條 · tribute_sent a jugador 5 |
| 67:20 | 鼠條 · tribute_sent a jugador 6 |
| 67:20 | 鼠條 · tribute_sent a jugador 7 |
| 67:20 | 鼠條 · tribute_sent a jugador 8 |
| 67:34 | 鼠條 · wall_segment Stone Wall x1 |
| 67:36 | 鼠條 · wall_segment Stone Wall x9 |
| 68:04 | caterpie · tribute_sent a jugador 1 |
| 68:04 | caterpie · tribute_sent a jugador 3 |
| 68:04 | caterpie · tribute_sent a jugador 4 |
| 68:04 | caterpie · tribute_sent a jugador 5 |
| 68:04 | caterpie · tribute_sent a jugador 6 |
| 68:04 | caterpie · tribute_sent a jugador 7 |
| 68:04 | caterpie · tribute_sent a jugador 8 |
| 68:47 | DGHIR | Miloss · wall_segment Stone Wall x5 |
| 68:57 | caterpie · wall_segment Stone Wall x1 |
| 68:58 | caterpie · wall_segment Stone Wall x1 |
| 69:02 | King David · wall_segment Palisade Wall x10 |
| 69:05 | caterpie · wall_segment Stone Wall x1 |
| 69:07 | caterpie · wall_segment Stone Wall x1 |
| 69:26 | EZLIVING:D · first_market_buy 500 wood |
| 70:04 | champyinz21 · first_building Monastery |
| 72:26 | EZLIVING:D · tribute_sent a jugador 1 |
| 72:26 | EZLIVING:D · tribute_sent a jugador 2 |
| 72:26 | EZLIVING:D · tribute_sent a jugador 3 |
| 72:26 | EZLIVING:D · tribute_sent a jugador 5 |
| 72:26 | EZLIVING:D · tribute_sent a jugador 6 |
| 72:26 | EZLIVING:D · tribute_sent a jugador 7 |
| 72:26 | EZLIVING:D · tribute_sent a jugador 8 |
| 72:31 | DGHIR | Miloss · wall_segment Stone Wall x7 |
| 72:34 | DGHIR | Miloss · wall_segment Stone Wall x3 |
| 73:00 | DGHIR | Miloss · wall_segment Palisade Wall x13 |
| 73:02 | DGHIR | Miloss · wall_segment Palisade Wall x11 |
| 73:03 | DGHIR | Miloss · wall_segment Palisade Wall x6 |
| 73:07 | DGHIR | Miloss · wall_segment Palisade Wall x4 |
| 73:08 | DGHIR | Miloss · wall_segment Palisade Wall x1 |
| 73:09 | DGHIR | Miloss · wall_segment Palisade Wall x1 |
| 73:09 | caterpie · tribute_sent a jugador 1 |
| 73:09 | caterpie · tribute_sent a jugador 3 |
| 73:09 | caterpie · tribute_sent a jugador 4 |
| 73:09 | caterpie · tribute_sent a jugador 5 |
| 73:09 | caterpie · tribute_sent a jugador 6 |
| 73:09 | caterpie · tribute_sent a jugador 7 |
| 73:09 | caterpie · tribute_sent a jugador 8 |
| 73:24 | caterpie · tribute_sent a jugador 1 |
| 73:24 | caterpie · tribute_sent a jugador 3 |
| 73:24 | caterpie · tribute_sent a jugador 4 |
| 73:24 | caterpie · tribute_sent a jugador 5 |
| 73:24 | caterpie · tribute_sent a jugador 6 |
| 73:24 | caterpie · tribute_sent a jugador 7 |
| 73:24 | caterpie · tribute_sent a jugador 8 |
| 75:29 | Hash- · tribute_sent a jugador 1 |
| 75:29 | Hash- · tribute_sent a jugador 2 |
| 75:29 | Hash- · tribute_sent a jugador 3 |
| 75:29 | Hash- · tribute_sent a jugador 4 |
| 75:29 | Hash- · tribute_sent a jugador 5 |
| 75:29 | Hash- · tribute_sent a jugador 6 |
| 75:29 | Hash- · tribute_sent a jugador 8 |
| 77:19 | caterpie · first_building Archery Range |
| 77:38 | caterpie · tribute_sent a jugador 1 |
| 77:38 | caterpie · tribute_sent a jugador 3 |
| 77:38 | caterpie · tribute_sent a jugador 4 |
| 77:38 | caterpie · tribute_sent a jugador 5 |
| 77:38 | caterpie · tribute_sent a jugador 6 |
| 77:38 | caterpie · tribute_sent a jugador 7 |
| 77:38 | caterpie · tribute_sent a jugador 8 |
| 80:01 | Hash- · tribute_sent a jugador 1 |
| 80:01 | Hash- · tribute_sent a jugador 2 |
| 80:01 | Hash- · tribute_sent a jugador 3 |
| 80:01 | Hash- · tribute_sent a jugador 4 |
| 80:01 | Hash- · tribute_sent a jugador 5 |
| 80:01 | Hash- · tribute_sent a jugador 6 |
| 80:01 | Hash- · tribute_sent a jugador 8 |
| 80:37 | Hash- · tribute_sent a jugador 1 |
| 80:37 | Hash- · tribute_sent a jugador 2 |
| 80:37 | Hash- · tribute_sent a jugador 3 |
| 80:37 | Hash- · tribute_sent a jugador 4 |
| 80:37 | Hash- · tribute_sent a jugador 5 |
| 80:37 | Hash- · tribute_sent a jugador 6 |
| 80:37 | Hash- · tribute_sent a jugador 8 |
| 81:51 | EZLIVING:D · wall_segment Stone Wall x1 |
| 81:52 | EZLIVING:D · wall_segment Stone Wall x1 |
| 81:54 | EZLIVING:D · wall_segment Stone Wall x1 |
| 81:56 | EZLIVING:D · wall_segment Stone Wall x1 |
| 82:08 | Hash- · tribute_sent a jugador 1 |
| 82:08 | Hash- · tribute_sent a jugador 2 |
| 82:08 | Hash- · tribute_sent a jugador 3 |
| 82:08 | Hash- · tribute_sent a jugador 4 |
| 82:08 | Hash- · tribute_sent a jugador 5 |
| 82:08 | Hash- · tribute_sent a jugador 6 |
| 82:08 | Hash- · tribute_sent a jugador 8 |
| 82:43 | EZLIVING:D · first_building Archery Range |
| 83:08 | Hash- · tribute_sent a jugador 1 |
| 83:08 | Hash- · tribute_sent a jugador 2 |
| 83:08 | Hash- · tribute_sent a jugador 3 |
| 83:08 | Hash- · tribute_sent a jugador 4 |
| 83:08 | Hash- · tribute_sent a jugador 5 |
| 83:08 | Hash- · tribute_sent a jugador 6 |
| 83:08 | Hash- · tribute_sent a jugador 8 |
| 83:37 | King David · first_building Castle |
| 83:42 | King David · wall_segment Stone Wall x1 |
| 83:43 | King David · wall_segment Stone Wall x1 |
| 83:46 | King David · wall_segment Stone Wall x1 |
| 83:48 | King David · wall_segment Stone Wall x1 |
| 85:20 | 鼠條 · tribute_sent a jugador 2 |
| 85:20 | 鼠條 · tribute_sent a jugador 3 |
| 85:20 | 鼠條 · tribute_sent a jugador 4 |
| 85:20 | 鼠條 · tribute_sent a jugador 5 |
| 85:20 | 鼠條 · tribute_sent a jugador 6 |
| 85:20 | 鼠條 · tribute_sent a jugador 7 |
| 85:20 | 鼠條 · tribute_sent a jugador 8 |
| 86:13 | 鼠條 · first_building Siege Workshop |
| 87:01 | caterpie · wall_segment Stone Wall x1 |
| 87:02 | caterpie · wall_segment Stone Wall x1 |
| 87:13 | King David · wall_segment Stone Wall x3 |
| 87:31 | 鼠條 · tribute_sent a jugador 2 |
| 87:31 | 鼠條 · tribute_sent a jugador 3 |
| 87:31 | 鼠條 · tribute_sent a jugador 4 |
| 87:31 | 鼠條 · tribute_sent a jugador 5 |
| 87:31 | 鼠條 · tribute_sent a jugador 6 |
| 87:31 | 鼠條 · tribute_sent a jugador 7 |
| 87:31 | 鼠條 · tribute_sent a jugador 8 |
| 88:03 | caterpie · tribute_sent a jugador 1 |
| 88:03 | caterpie · tribute_sent a jugador 3 |
| 88:03 | caterpie · tribute_sent a jugador 4 |
| 88:03 | caterpie · tribute_sent a jugador 5 |
| 88:03 | caterpie · tribute_sent a jugador 6 |
| 88:03 | caterpie · tribute_sent a jugador 7 |
| 88:03 | caterpie · tribute_sent a jugador 8 |
| 90:06 | 鼠條 · tribute_sent a jugador 2 |
| 90:06 | 鼠條 · tribute_sent a jugador 3 |
| 90:06 | 鼠條 · tribute_sent a jugador 4 |
| 90:06 | 鼠條 · tribute_sent a jugador 5 |
| 90:06 | 鼠條 · tribute_sent a jugador 6 |
| 90:06 | 鼠條 · tribute_sent a jugador 7 |
| 90:06 | 鼠條 · tribute_sent a jugador 8 |
| 92:06 | King David · tribute_sent a jugador 1 |
| 92:06 | King David · tribute_sent a jugador 2 |
| 92:06 | King David · tribute_sent a jugador 3 |
| 92:06 | King David · tribute_sent a jugador 4 |
| 92:06 | King David · tribute_sent a jugador 5 |
| 92:06 | King David · tribute_sent a jugador 6 |
| 92:06 | King David · tribute_sent a jugador 7 |
| 92:11 | 鼠條 · wall_segment Stone Wall x1 |
| 92:11 | EZLIVING:D · tribute_sent a jugador 1 |
| 92:11 | EZLIVING:D · tribute_sent a jugador 2 |
| 92:11 | EZLIVING:D · tribute_sent a jugador 3 |
| 92:11 | EZLIVING:D · tribute_sent a jugador 5 |
| 92:11 | EZLIVING:D · tribute_sent a jugador 6 |
| 92:11 | EZLIVING:D · tribute_sent a jugador 7 |
| 92:11 | EZLIVING:D · tribute_sent a jugador 8 |
| 92:31 | 鼠條 · tribute_sent a jugador 2 |
| 92:31 | 鼠條 · tribute_sent a jugador 3 |
| 92:31 | 鼠條 · tribute_sent a jugador 4 |
| 92:31 | 鼠條 · tribute_sent a jugador 5 |
| 92:31 | 鼠條 · tribute_sent a jugador 6 |
| 92:31 | 鼠條 · tribute_sent a jugador 7 |
| 92:31 | 鼠條 · tribute_sent a jugador 8 |
| 93:15 | DGHIR | Miloss · resign |
[ AI ANALYSIS · 1 CREDIT ]
What really happened in this match?
Wolo.gg analyzes every decision: build order, eco, micro, common mistakes by bracket. Personalized analysis on WhatsApp or Discord in 30 seconds.
Civ guide
Khitans
Perfil
Jugador #319516